cohdb
Replays
Latest Replays
All Replays
Popular Replays
Top Player Replays
Match Explorer
How It Works
Community
CoH3 Stats
Reddit
Sign in to upload your games and track your stats! →
Sign in with Steam
Match 38356756
Unlisted
Match 38356756
Overview
Messages
Build Orders
End
Kradschützen Motorcycle Team
Panzergrenadier Squad
Panzergrenadier Squad
250 Light Carrier
Panzergrenadier Squad
Construct Light Support Kompanie
Construct Mechanized Kompanie
8 Rad Armored Car
8 Rad Armored Car
MG34 Team
Marder III Tank Destroyer
Support Armor Elements
MG34 Team
Lilfuture
Wrathment
0
0
Comments
sign in to comment!
No comments posted yet!